 Dungeon Crawl Stone Soup version 0.26-a0-651-gb41185065b (webtiles) character file.

Game seed: 7798358734627912815

636205 Apogee the Stormcaller (level 27, -2/198 HPs)
             Began as a Demonspawn Venom Mage on Oct 13, 2020.
             Was an Elder of Makhleb.
             Slain by a moth of wrath (9 damage)
             ... on level 3 of the Realm of Zot.
             The game lasted 05:24:19 (100055 turns).

Apogee the Stormcaller (Demonspawn Venom Mage)    Turns: 100055, Time: 05:24:21

Health: -2/198     AC: 23    Str: 13    XL:     27
Magic:  0/45       EV: 23    Int: 37    God:    Makhleb [****..]
Gold:   7713       SH: 11    Dex: 21    Spells: 10/62 levels left

rFire    + + .     SeeInvis +   b - +7 fustibalus of Destiny {speed, rN+++ Str+4 Int+2 Dex-2}
rCold    + + +     Faith    .   Y - +0 buckler {rC+ rF+}
rNeg     + + +     Spirit   +   m - +7 Kryia's mail coat {PotionHeal*2 rC+}
rPois    .         Reflect  +   (helmet unavailable)
rElec    .         Harm     .   y - +0 cloak {MR+}
rCorr    .         Rampage  .   l - +1 pair of gloves of Xuobuqo {Int+7 Dex-2}
MR       +++..                  X - +1 pair of boots {Stlth+}
Stlth    ++++......             D - amulet of Feffig {Reflect rF+ Dex+4 SH+5}
HPRegen  0.43/turn              H - +6 ring of intelligence
MPRegen  0.58/turn              w - ring of wizardry

@: mighty, lethally poisoned (-2 -> -2), hasted and slowed
A: antennae 3, claws 1, see invisible, cold resistance 1, frail 1, negative
energy resistance 1, powered by pain 3, screaming 1, 50% torment resistance,
wild magic 1, magic shield, magic regeneration, magic link, black mark, sturdy
frame 3
}: 3/15 runes: barnacled, silver, gossamer
a: Minor Destruction, Lesser Servant of Makhleb, Major Destruction, Renounce
Religion


You were on level 3 of the Realm of Zot.
You worshipped Makhleb.
Makhleb was greatly pleased with you.
You visited 11 branches of the dungeon, and saw 53 of its levels.
You visited the Abyss 1 time.
You also visited: Trove and Ice Cave.

You collected 11068 gold pieces.
You spent 3355 gold pieces at shops.

Inventory:

Hand Weapons
 b - the +7 fustibalus of Destiny (weapon) {speed, rN+++ Str+4 Int+2 Dex-2}
   (You found it on level 3 of the Elven Halls)

   Attacks with this weapon are significantly faster.
   It affects your strength (+4).
   It affects your intelligence (+2).
   It affects your dexterity (-2).
   It renders you almost immune to negative energy.
Missiles
 S - 1455 stones (quivered)
Armour
 h - the +2 cloak of the Thief {*Fog Slay-2 SInv Stlth+}
   (You acquired it on level 2 of the Realm of Zot)

   It affects your accuracy and damage with ranged weapons and melee attacks
   (-2).
   It lets you see invisible.
   It makes you more stealthy.
 l - the +1 pair of gloves of Xuobuqo (worn) {Int+7 Dex-2}
   (You found it on level 3 of the Elven Halls)

   It affects your intelligence (+7).
   It affects your dexterity (-2).
 m - the +7 Kryia's mail coat (worn) {PotionHeal*2 rC+}
   (You bought it in a shop on level 2 of the Orcish Mines)

   It protects you from cold.
 x - a +0 cloak of magic resistance
   (You took it off a draconian stormcaller on level 2 of the Realm of Zot)
 y - a +0 cloak of magic resistance (worn)
   (You took it off Crazy Yiuf on level 3 of the Dungeon)
 J - +0 gold dragon scales
   (You found it on level 2 of the Realm of Zot)
 X - a +1 pair of boots of stealth (worn)
   (You found it on level 4 of the Depths)
 Y - a +0 buckler of resistance (worn)
   (You took it off a spriggan defender on level 3 of the Depths)
Magical Staves
 a - an uncursed staff of air
   (You found it on level 3 of the Elven Halls)
Jewellery
 i - an uncursed ring of protection from fire
   (You took it off a deep elf knight on level 2 of the Elven Halls)
 o - an uncursed ring of protection from cold
   (You took it off a frost giant on level 5 of the Vaults)
 w - a ring of wizardry (right hand)
   (You found it on level 3 of the Spider Nest)
 D - the amulet of Feffig (around neck) {Reflect rF+ Dex+4 SH+5}
   (You found it on level 3 of the Elven Halls)

   [amulet of reflection]

   It shields you and reflects attacks.
   It affects your dexterity (+4).
   It protects you from fire.
   It affects your SH (+5).
 H - a +6 ring of intelligence (left hand)
   (You found it on level 7 of the Dungeon)
 M - the ring "Iluanite" {Ice rElec MP+9 Dex+4}
   (You took it off a draconian scorcher on level 1 of the Realm of Zot)

   [ring of ice]

   It enhances your ice magic.
   It affects your dexterity (+4).
   It makes you vulnerable to fire.
   It protects you from cold.
   It insulates you from electricity.
   It affects your magic capacity (+9).
 P - an uncursed ring of resist corrosion
   (You found it on level 2 of the Realm of Zot)
 R - an uncursed ring of flight
   (You found it on level 3 of the Elven Halls)
 U - a +4 ring of evasion
   (You took it off a frost giant on level 4 of the Depths)
 V - an uncursed ring of magical power
   (You found it on level 1 of the Elven Halls)
 Z - a +4 ring of protection
   (You took it off a vault sentinel on level 5 of the Vaults)
Wands
 c - a wand of disintegration (39)
   (You found it on level 2 of the Elven Halls)
 u - a wand of paralysis (38)
   (You found it on level 11 of the Dungeon)
 v - a wand of digging (5)
   (You found it on level 3 of the Lair of Beasts)
Scrolls
 e - a scroll of torment {!r}
 g - 5 scrolls of identify {@r1}
 k - 9 scrolls of amnesia
 n - 12 scrolls of fog
 p - 9 scrolls of immolation {!r}
 q - 6 scrolls of teleportation {@r4}
 A - 20 scrolls of remove curse {@r2}
 F - 14 scrolls of enchant weapon
 L - 3 scrolls of magic mapping
 Q - 6 scrolls of vulnerability {!r}
 T - 4 scrolls of fear
 W - 11 scrolls of enchant armour
Potions
 f - 6 potions of curing {@q1}
 j - 2 potions of resistance
 r - 11 potions of ambrosia
 s - 3 potions of flight
 t - 6 potions of might
 z - 9 potions of lignification {!q}
 B - a potion of stabbing
 E - 7 potions of brilliance
 I - 3 potions of magic
 N - 3 potions of berserk rage
 O - 6 potions of cancellation
Miscellaneous
 C - a condenser vane (2/2)
   (You found it on level 1 of the Vaults)
 G - a phantom mirror
   (You found it on level 1 of the Spider Nest)
 K - a phial of floods
   (You found it in an ice cave)


   Skills:
 + Level 18.9 Fighting
 - Level 12.0 Slings
 + Level 13.2 Armour
 + Level 13.2 Dodging
 - Level 4.0 Stealth
 - Level 5.0 Shields
 + Level 16.0 Unarmed Combat
 - Level 18.0 Spellcasting
 - Level 3.0 Translocations
 - Level 10.0 Transmutations
 - Level 4.0 Ice Magic
 - Level 20.0 Air Magic
 - Level 3.1 Earth Magic
 - Level 7.0 Poison Magic
 - Level 16.0 Invocations
 - Level 4.0 Evocations


You had 10 spell levels left.
You knew the following spells:

 Your Spells              Type           Power        Failure   Level
a - Statue Form           Tmut/Erth      #######..    7%          6
b - Apportation           Tloc           ######       1%          1
c - Blink                 Tloc           N/A          1%          2
d - Blade Hands           Tmut           #######...   1%          5
e - Wereblood             Tmut           #######.     1%          2
f - Ozocubu's Armour      Ice            ######..     1%          3
g - Ignite Poison         Fire/Tmut/Pois #######.     1%          3
h - Tornado               Air            ########..   16%         9
i - Dragon Form           Tmut           #######...   9%          7
j - Airstrike             Air            ########..   1%          4
q - Passwall              Tmut/Erth      #######.     1%          2
u - Animate Dead          Necr           #####.....   6%          4
y - Olgreb's Toxic Radia  Pois           #######.     1%          4

Your spell library contained the following spells:

 Spells                   Type           Power        Failure   Level
 Animate Skeleton         Necr           #####.       1%          1
 Beastly Appendage        Tmut           ######       1%          1
 Corona                   Hex            #####..      1%          1
 Foxfire                  Conj/Fire      ####         1%          1
 Freeze                   Ice            ####         1%          1
 Magic Dart               Conj           ####         1%          1
 Pain                     Necr           ####         1%          1
 Sandblast                Erth           ######       1%          1
 Shock                    Conj/Air       ####         1%          1
 Sting                    Tmut/Pois      ####         1%          1
 Summon Small Mammal      Summ           ####         1%          1
 Call Imp                 Summ           #####...     1%          2
 Ensorcelled Hibernation  Hex/Ice        ######       1%          2
 Poisonous Vapours        Pois/Air       ######       1%          2
 Searing Ray              Conj           #####.       1%          2
 Slow                     Hex            #####...     1%          2
 Sublimation of Blood     Necr           #####.....   1%          2
 Swiftness                Air            ########     1%          2
 Frozen Ramparts          Ice            ######       1%          3
 Gell's Gravitas          Tloc           ######....   1%          3
 Mephitic Cloud           Conj/Pois/Air  #######.     1%          3
 Spider Form              Tmut/Pois      #######...   1%          3
 Static Discharge         Conj/Air       #######.     1%          3
 Stone Arrow              Conj/Erth      ######       1%          3
 Teleport Other           Tloc           ######..     1%          3
 Ice Form                 Ice/Tmut       #######.     1%          4
 Petrify                  Tmut/Erth      #######.     1%          4
 Summon Lightning Spire   Summ/Air       #######.     1%          4
 Alistair's Intoxication  Tmut/Pois      #######..    1%          5
 Lightning Bolt           Conj/Air       #######...   1%          5
 Silence                  Hex/Air        #######...   1%          5
 Conjure Ball Lightning   Conj/Air       #######...   1%          6
 Hydra Form               Tmut           #######...   1%          6
 Confusing Touch          Hex            #####...     2%          3
 Conjure Flame            Conj/Fire      #####...     2%          3
 Dazzling Flash           Conj/Hex       #####.       2%          3
 Vampiric Draining        Necr           #####.....   2%          3
 Irradiate                Conj/Tmut      ######....   2%          5
 Yara's Violent Unravell  Hex/Tmut       ######....   2%          5
 Hailstorm                Conj/Ice       ######..     3%          4
 Summon Ice Beast         Ice/Summ       ######..     3%          4
 Eringya's Noxious Bog    Tmut/Pois      #######...   3%          6
 Iskenderun's Mystic Bla  Conj/Tloc      ######..     4%          4
 Leda's Liquefaction      Hex/Erth       ######....   4%          4
 Freezing Cloud           Conj/Ice/Air   #######...   4%          6
 Lee's Rapid Deconstruct  Erth           ######....   5%          5
 Cause Fear               Hex            #####.....   6%          4
 Fulminant Prism          Conj/Hex       #####.....   6%          4
 Metabolic Englaciation   Hex/Ice        ######....   9%          5
 Borgnjor's Vile Clutch   Necr/Erth      ######....   10%         5
 Bolt of Magma            Conj/Fire/Erth ######....   12%         5
 Agony                    Necr           #####...     16%         5
 Iskenderun's Battlesphe  Conj           #####...     16%         5
 Ozocubu's Refrigeration  Ice            ######....   17%         6
 Simulacrum               Ice/Necr       ######....   34%         6
 Iron Shot                Conj/Erth      ######....   41%         6
 Death Channel            Necr           #####.....   58%         6
 Haunt                    Necr/Summ      #####.....   98%         7
 Orb of Destruction       Conj           #####.....   98%         7
 Necromutation            Tmut/Necr      ######....   98%         8
 Borgnjor's Revivificati  Necr           #####.....   100%        8
 Discord                  Hex            #####.....   100%        8
 Infestation              Necr           #####.....   100%        8
 Death's Door             Necr           #####.....   100%        9
 Dragon's Call            Summ           #####.....   100%        9
 Shatter                  Erth           ######....   100%        9


Dungeon Overview and Level Annotations

Branches:
Dungeon (15/15)            Temple (1/1) D:7            Lair (6/6) D:11
 Shoals (4/4) Lair:2       Spider (4/4) Lair:2        Slime (4/5) Lair:6
    Orc (2/2) D:12            Elf (3/3) Orc:2        Vaults (5/5) D:13
  Crypt (0/3) Vaults:2     Depths (5/5) D:15            Zot (4/5) Depths:5
  IceCv (visited)

Altars:
Ashenzari
Cheibriados
Dithmenos
Elyvilon
Fedhas
Gozag
Hepliaklqana
Kikubaaqudgha
Makhleb
Nemelex Xobeh
Okawaru
Qazlal
Ru
Sif Muna
Trog
Uskayaw
Vehumet
Wu Jian
Xom
Yredelemnul
Zin
The Shining One
Beogh
Jiyva

Shops:
D:11 [   Orc:2 *[:(   Elf:2 [   Elf:3 *:   Shoals:1 *   Vaults:1 =[(}
Vaults:3 *   Vaults:5 [   Depths:2 =}=   Depths:5 [[!(

Portals:
Hell: Lair:6 Depths:1 Depths:2 Depths:3 Depths:4 Depths:5
Abyss: Depths:3 Depths:4 Depths:5
Pandemonium: Depths:3
Ziggurat: Depths:5

Annotations:
D:13 1 runed translucent door, Haet's ghost, journeyman MiFi
Spider:2 3 exclusions
Slime:4 Dissolution
Orc:1 3 runed translucent doors, Irenicus's ghost, journeyman DDEE
Elf:1 exclusion: 2 orange crystal statues
Elf:2 3 runed translucent doors
Vaults:4 36 runed doors


Innate Abilities, Weirdness & Mutations

You have a pair of large antennae on your head. (SInv)
You resist negative energy. (rN+)
You are powered by pain.
You are somewhat able to resist unholy torments (1 in 2 success).
When hurt, damage is shared between your health and your magic reserves.
You regenerate magic rapidly.
When low on magic, you restore magic in place of health.
Your melee attacks may debilitate your foes.
Your movements are significantly less encumbered by armour. (ER -6)
You have sharp fingernails.
You have supernaturally acute eyesight. (SInv)
Your flesh is cold resistant. (rC+)
You are frail. (-10% HP)
You occasionally shout uncontrollably at your foes.
Your spells are a little harder to cast, but a little more powerful.


Message History

The quicksilver dragon rages.
The quicksilver dragon bites you.
* * * LOW HITPOINT WARNING * * *
The quicksilver dragon completely misses you.
You blink.
The death cob misses you.
You block the quicksilver dragon's attack.
The quicksilver dragon claws you but does no damage.
The death cob hits you but does no damage.
The quicksilver dragon misses you.
The quicksilver dragon claws you but does no damage.
The death cob closely misses you.
You blink.
The quicksilver dragon rages.
The death cob misses you.
The quicksilver dragon completely misses you.
The quicksilver dragon claws you!
* * * LOW HITPOINT WARNING * * *
The death cob hits you!!
* * * LOW HITPOINT WARNING * * *
The death cob drains your vigour!
You feel as though you will be slow longer.
You block the quicksilver dragon's attack.
The quicksilver dragon closely misses you.
You blink.
A moth of wrath comes into view.
You feel sick. The death cob misses you.
The quicksilver dragon barely misses you. x2
You blink.
The death cob hits you!
* * * LOW HITPOINT WARNING * * *
You block the death cob's attack.
The quicksilver dragon closely misses you.
The quicksilver dragon completely misses you.
You blink.
The moth of wrath completely misses you.
The death cob barely misses you.
You block the quicksilver dragon's attack.
The quicksilver dragon closely misses you.
The moth of wrath closely misses you. The death cob closely misses you.
The quicksilver dragon bites you!
* * * LOW HITPOINT WARNING * * *
The quicksilver dragon completely misses you.
You feel yourself speed up.
You feel sick. The death cob closely misses you.
You block the quicksilver dragon's attack.
The quicksilver dragon claws you but does no damage.
The death cob hits you!!
* * * LOW HITPOINT WARNING * * *
The death cob drains your vigour!
You feel as though you will be slow longer.
The moth of wrath bites you!
You die...

#.#,,,,,,****** *,
#.#*****,,,,,,* *, #.#
******,*****+ #.# *,*,,,,,
#.# *,*,,,,, #######'#####
*,*,,,,, #...........#
*,*,,,,, #...........####
*,*,,,,,
#.......D@..'..#***,*,,,,,
#.......z.y.##)..,,,+,,,,,
#...........#*,****,*,,,,,
#....ยง......#*,****,*,,,,,
#.....>.....#*,,,,,,*,,,,,
#...........#********,,,,,
#...........# *,,,,,
############# ******


You could see a death cob, a quicksilver dragon (berserk) and a moth of wrath.

Vanquished Creatures
  An ancient lich (Vaults:5)
  An orb of fire (Zot:2)
  4 juggernauts
  Bai Suzhen (Shoals:4)
  4 curse toes
  3 caustic shrikes (Depths:3)
  8 golden dragons
  Nikola (Shoals:4)
  Arachne (Spider:2)
  A bone dragon (Depths:5)
  23 tentacled monstrosities
  4 deep elf blademasters (Elf:3)
  4 liches
  8 titans
  7 quicksilver dragons
  4 sphinxes
  2 acid blobs
  4 deep elf master archers (Elf:3)
  A tentacled starspawn (Abyss:3)
  The ghost of Wamoenne the Gelid, an adept BaIE of Vehumet (Elf:3)
  12 death cobs
  Donald (Shoals:2)
  Polyphemus (Shoals:4)
  9 storm dragons
  The ghost of Busm the Stormcaller, an adept TeAE of Vehumet (Spider:4)
  Roxanne (Elf:3)
  An azure jelly (Lair:6)
  10 tengu reavers
  10 shadow dragons
  2 draconian monks
  A nagaraja (Abyss:3)
  12 fire giants
  Aizul (Spider:4)
  6 ghost moths
  7 draconian knights
  17 frost giants
  3 draconian scorchers
  3 cacodemons
  5 deep elf sorcerers
  5 emperor scorpions
  An orc warlord (Orc:2)
  17 vault wardens
  2 iron dragons
  2 draconian annihilators
  3 draconian shifters
  7 draconian stormcallers
  16 very ugly things
  A caustic shrike skeleton (Depths:3)
  6 ironheart preservers
  24 stone giants
  2 spriggan defenders
  7 green draconians
  3 entropy weavers
  10 deep elf annihilators
  6 deep elf demonologists
  8 purple draconians
  9 black draconians
  7 white draconians
  3 vampire knights
  A dire elephant (Lair:6)
  10 spark wasps
  7 yellow draconians
  10 red draconians
  2 merfolk javelineers
  3 jiangshi
  8 deep elf death magi
  A death ooze (Slime:3)
  19 ettins
  5 great orbs of eyes
  14 fire dragons
  2 crystal guardians
  6 merfolk impalers
  23 yaktaur captains
  5 deep elf high priests
  33 vault guards
  4 rakshasas
  15 ice dragons
  A catoblepas (shapeshifter) (Depths:3)
  A hell beast (Lair:6)
  3 hydras
  3 merfolk aquamancers
  5 spriggan air magi
  2 merfolk avatars
  2 catoblepae
  2 death knights
  11 dancing weapons
  14 ogre magi
  An anaconda (shapeshifter) (Depths:4)
  17 centaur warriors
  28 two-headed ogres
  8 death scarabs (Spider:4)
  3 alligator snapping turtles
  4 tengu warriors
  6 death yaks
  8 deep troll shamans
  5 spriggan berserkers (Depths:2)
  10 deep troll earth magi
  2 orc high priests (Orc:2)
  A death yak (shapeshifter) (Depths:4)
  3 vampire magi
  A spriggan (Depths:3)
  28 deep elf knights
  2 hell knights
  A shadow wraith (Vaults:3)
  A salamander mystic (Depths:2)
  5 skeletal warriors
  2 iron trolls
  3 unseen horrors
  19 deep trolls
  2 spatial maelstroms
  13 wizards
  7 sea snakes
  26 deep elf archers
  5 necromancers
  2 flayed ghosts
  15 ironbrand convokers
  Pikel (D:6)
  10 harpies
  5 glowing orange brains
  2 spectral wolf spiders (Spider:4)
  An orb spider (shapeshifter) (D:14)
  18 orc knights
  15 orb spiders
  3 fauns (Shoals:2)
  46 ugly things
  10 cyclopes
  8 phantasmal warriors
  A shining eye (shapeshifter) (Vaults:5)
  4 orc sorcerers
  51 deep elf magi
  A wolf spider zombie (Spider:4)
  26 wolf spiders
  3 cyclopes (shapeshifter)
  3 salamanders (Depths:2)
  3 shining eyes
  2 manticores (shapeshifter)
  19 moths of wrath
  3 black mambas
  17 manticores
  13 elephants
  Maurice (Orc:2)
  An elephant (shapeshifter) (Vaults:5)
  16 merfolk sirens
  3 orange demons (Lair:6)
  An apocalypse crab (Abyss:3)
  17 vault sentinels
  3 water nymphs
  An eye of devastation (Slime:1)
  3 ice statues (IceCv)
  2 smoke demons
  10 cane toads
  2 centaur skeletons
  5 rime drakes
  3 rime drakes (shapeshifter) (Depths:3)
  4 spectral redbacks (Spider:4)
  A komodo dragon (shapeshifter) (Depths:4)
  A yaktaur (shapeshifter) (Vaults:4)
  13 demonic crawlers
  5 freezing wraiths
  12 komodo dragons
  47 yaktaurs
  A tengu conjurer (D:15)
  2 kobold demonologists
  30 merfolk
  A merfolk (shapeshifter) (Depths:3)
  2 ice devils (Lair:6)
  A silent spectre (Abyss:3)
  2 redback zombies (Spider:4)
  3 ancient zymes (Abyss:3)
  23 jumping spiders
  13 trolls
  5 wind drakes
  A tyrant leech (shapeshifter) (Depths:4)
  3 meliai (Spider:3)
  Grinder (D:4)
  A jumping spider (shapeshifter) (Depths:4)
  A wind drake (shapeshifter) (Depths:3)
  11 hornets
  A hornet (shapeshifter) (Vaults:1)
  10 blink frogs (Lair:5)
  A queen bee (Spider:1)
  2 polar bears
  A spectral jumping spider (Spider:4)
  A spectral tarantella (Spider:4)
  A hippogriff (shapeshifter) (Depths:2)
  A jumping spider zombie (Spider:4)
  6 snapping turtles
  A harpy skeleton (D:15)
  A snapping turtle (shapeshifter) (Depths:1)
  A dream sheep (shapeshifter) (Depths:3)
  6 dream sheep
  3 tarantella zombies (Spider:4)
  A raiju (Abyss:3)
  73 slime creatures
  A slime creature (shapeshifter) (Depths:3)
  14 hippogriffs
  2 human simulacra
  2 spriggans (shapeshifter)
  2 wyverns (shapeshifter)
  6 air elementals
  A flying skull (Vaults:2)
  A centaur simulacrum (D:14)
  2 ynoxinuls (Abyss:3)
  21 starcursed masses (Abyss:3)
  An ettin skeleton (Vaults:1)
  68 redbacks
  27 tarantellas
  8 water elementals
  4 elf zombies
  8 wraiths
  A hog (shapeshifter) (Elf:2)
  3 basilisks
  A vampire mosquito (D:12)
  7 wyverns
  32 yaks
  4 small abominations (Abyss:3)
  5 fire elementals
  A black mamba skeleton (Abyss:3)
  A golden eye (shapeshifter) (Vaults:4)
  Grum (Lair:1)
  2 chaos spawn
  A steam dragon (D:10)
  2 neqoxecs (Abyss:3)
  A steam dragon (shapeshifter) (Elf:3)
  Menkaure (D:4)
  2 soldier ants
  19 large abominations
  4 acid dragons
  10 wargs
  An acid dragon (shapeshifter) (Abyss:2)
  A warg (shapeshifter) (Vaults:3)
  Edmund (D:4)
  19 water moccasins
  A soldier ant (shapeshifter) (Vaults:2)
  A spatial vortex (Abyss:3)
  A floating eye (Depths:4)
  An ogre zombie (Vaults:1)
  5 hell hounds (Lair:6)
  4 porcupines
  A water moccasin (shapeshifter) (Elf:3)
  A floating eye (shapeshifter) (Depths:3)
  2 spectral hornets (Spider:4)
  5 sky beasts
  2 black bears (shapeshifter)
  42 orc warriors
  11 ice beasts
  3 eyes of draining
  3 hornet zombies (Spider:4)
  3 necrophages
  40 centaurs
  31 ogres
  8 wolves
  5 boggarts
  10 crocodiles
  2 orc skeletons (Vaults:1)
  4 big kobolds
  14 bullfrogs
  3 earth elementals
  A wyvern skeleton (D:9)
  4 scorpions
  10 killer bees (Spider:1)
  5 wights (D:10)
  2 howler monkeys
  2 electric eels
  3 centaur zombies
  2 quasits
  3 jellies
  3 bullfrog skeletons
  20 orc priests
  Crazy Yiuf (D:3)
  7 hounds
  An iron imp (Abyss:3)
  Jessica (D:3)
  5 iguanas
  Ijyb (D:3)
  34 orc wizards
  10 worker ants
  A worker ant (shapeshifter) (Elf:3)
  A hound zombie (D:8)
  3 hound skeletons
  2 worker ant zombies
  7 gnolls
  An adder (shapeshifter) (Elf:3)
  12 adders
  A howler monkey skeleton (D:5)
  A shadow imp (D:6)
  A white imp (D:7)
  3 ufetubi
  An ooze (D:3)
  6 worms
  6 leopard geckos
  96 orcs
  6 giant cockroaches
  7 goblins
  6 hobgoblins
  A jackal (shapeshifter) (Elf:3)
  25 kobolds
  A quokka (D:9)
  A ball python (D:4)
  6 bats
  3 frilled lizards
  A jackal zombie (D:7)
  A leopard gecko skeleton (D:4)
  A quokka skeleton (D:4)
  6 rats
  A bush (Lair:6)
  3 crawling corpses (Elf:3)
2209 creatures vanquished.

Vanquished Creatures (collateral kills)
  A juggernaut (Depths:4)
  A tentacled monstrosity (Depths:3)
  A deep elf blademaster (Elf:3)
  A storm dragon (Vaults:5)
  An emperor scorpion (Spider:4)
  A ghost moth (Zot:2)
  A spriggan defender (Depths:3)
  A very ugly thing (Vaults:2)
  2 deep elf annihilators (Elf:3)
  A spark wasp (Depths:3)
  A red draconian (Zot:2)
  A green death (Abyss:3)
  A vault guard (Vaults:5)
  5 hydras
  A spriggan air mage (Depths:3)
  A dancing weapon (Elf:1)
  A deep troll shaman (D:13)
  A sun demon (Abyss:3)
  2 wretched stars (Abyss:3)
  A hell knight (Depths:3)
  A sea snake (Shoals:2)
  3 orb spiders (Spider:2)
  3 harpies (Shoals:2)
  2 wolf spiders (Spider:2)
  A cyclops (Shoals:2)
  2 moths of wrath
  A slime creature (Depths:3)
  A worldbinder (Abyss:3)
  A manticore (D:14)
  A moth of wrath (shapeshifter) (Vaults:2)
  A black mamba (shapeshifter) (Depths:4)
  An orange demon (Abyss:3)
  A yaktaur (Vaults:2)
  A merfolk (Shoals:4)
  A tengu conjurer (D:13)
  3 jumping spiders (Spider:2)
  A blink frog (Lair:6)
  A dream sheep (Shoals:2)
  2 redbacks
  A water elemental (Shoals:2)
  2 tarantellas
  A yak (Lair:5)
  2 large abominations (Abyss:3)
  A small abomination (Abyss:3)
  An orc warrior (Vaults:2)
  A centaur (Vaults:3)
  A bullfrog (Lair:5)
  A howler monkey (D:12)
  An electric eel (Lair:6)
  An orc (D:15)
67 creatures vanquished.

Vanquished Creatures (others)
  A golden dragon (Zot:3)
  A tentacled monstrosity (Zot:3)
  A fire giant (Depths:4)
  A yaktaur (shapeshifter) (Vaults:5)
  A slime creature (Vaults:2)
  A water elemental (Shoals:4)
  2 large abominations (Abyss:3)
  A small abomination (Abyss:3)
  A quasit (Abyss:3)
  An orc (shapeshifter) (Elf:3)
  45 fungi
  104 plants
  2 starspawn tentacles (Abyss:3)
162 creatures vanquished.

Grand Total: 2438 creatures vanquished

Notes
Turn   | Place    | Note
-------+----------+-------------------------------------------
     0 | D:1      | Apogee the Demonspawn Venom Mage began the quest for the
                  | Orb.
     0 | D:1      | Reached XP level 1. HP: 13/13 MP: 3/3
   270 | D:1      | Reached skill level 1 in Unarmed Combat
   300 | D:1      | Gained mutation: You sometimes gain a little power by
                  | taking damage. [demonic ancestry]
   300 | D:1      | Reached XP level 2. HP: 20/20 MP: 0/5
   571 | D:1      | Reached skill level 1 in Fighting
  1303 | D:2      | Gained mutation: Your movements are slightly less
                  | encumbered by armour. (ER -2) [demonic ancestry]
  1303 | D:2      | Reached XP level 3. HP: 23/26 MP: 0/6
  2137 | D:2      | Reached XP level 4. HP: 33/33 MP: 2/7
  2858 | D:3      | Found a runed translucent door.
  2859 | D:3      | Noticed Crazy Yiuf
  2998 | D:3      | Learned a level 1 spell: Beastly Appendage
  3014 | D:3      | Noticed Ijyb
  3099 | D:3      | Noticed Jessica
  3116 | D:3      | Killed Jessica
  3116 | D:3      | Reached skill level 1 in Transmutations
  3116 | D:3      | Gained mutation: Your movements are less encumbered by
                  | armour. (ER -4) [demonic ancestry]
  3116 | D:3      | Reached XP level 5. HP: 22/38 MP: 1/8
  3650 | D:3      | Killed Ijyb
  3904 | D:3      | Killed Crazy Yiuf
  4082 | D:4      | Gained mutation: Your movements are significantly less
                  | encumbered by armour. (ER -6) [demonic ancestry]
  4082 | D:4      | Reached XP level 6. HP: 46/46 MP: 4/9
  4423 | D:4      | Noticed Grinder
  4451 | D:4      | Paralysed by Grinder for 7 turns
  4455 | D:4      | Killed Grinder
  4455 | D:4      | Reached XP level 7. HP: 21/52 MP: 7/10
  4683 | D:4      | Noticed Edmund
  4887 | D:4      | Noticed Menkaure
  5342 | D:4      | Killed Edmund
  5342 | D:4      | Reached skill level 5 in Unarmed Combat
  5456 | D:4      | Killed Menkaure
  5485 | D:5      | Entered Level 5 of the Dungeon
  5549 | D:5      | Found a blossoming altar of Fedhas.
  5589 | D:5      | Lost mutation: You have a pair of horns on your head.
                  | [demonic ancestry]
  5589 | D:5      | Lost mutation: You have a pair of small horns on your head.
                  | [demonic ancestry]
  5589 | D:5      | Gained mutation: You have a pair of small antennae on your
                  | head. [demonic ancestry]
  5589 | D:5      | Reached XP level 8. HP: 60/60 MP: 11/11
  6365 | D:5      | Learned a level 2 spell: Blink
  6596 | D:6      | Noticed Pikel
  6705 | D:6      | Reached skill level 5 in Transmutations
  6922 | D:6      | Found a burning altar of Makhleb.
  6980 | D:6      | Killed Pikel
  6980 | D:6      | Reached skill level 5 in Fighting
  7290 | D:6      | Found a burning altar of Makhleb.
  7306 | D:6      | Got a dazzling ring mail
  7317 | D:6      | Identified the +6 ring mail "Itwude" {rCorr Slay+5} (You
                  | found it on level 6 of the Dungeon)
  7427 | D:6      | Gained mutation: When hurt, damage is shared between your
                  | health and your magic reserves. [demonic ancestry]
  7427 | D:6      | Reached XP level 9. HP: 60/68 MP: 13/13
  7666 | D:7      | Found a snail-covered altar of Cheibriados.
  8042 | D:7      | Found a staircase to the Ecumenical Temple.
  8073 | Temple   | Entered the Ecumenical Temple
  8355 | Temple   | Became a worshipper of Makhleb the Destroyer
  8568 | D:7      | Learned a level 5 spell: Blade Hands
  9733 | D:9      | Noticed a troll
  9749 | D:9      | Killed a troll
  9818 | D:9      | Reached * piety under Makhleb
 10132 | D:9      | Reached XP level 10. HP: 77/77 MP: 15/17
 10214 | D:9      | Found an ornate altar of the Wu Jian Council.
 10261 | D:9      | Got a transparent broad axe
 10529 | D:10     | Entered Level 10 of the Dungeon
 10654 | D:10     | Reached ** piety under Makhleb
 10832 | D:10     | Learned a level 2 spell: Wereblood
 10837 | D:10     | Learned a level 4 spell: Olgreb's Toxic Radiance
 10932 | D:10     | Reached skill level 5 in Spellcasting
 11175 | D:10     | Got an encrusted hand crossbow
 11774 | D:11     | Found Cimuck's Armour Emporium.
 11778 | D:11     | Bought the +1 pair of gloves "Cyist" {rC+} for 258 gold
                  | pieces
 11822 | D:11     | Reached skill level 5 in Poison Magic
 11833 | D:11     | Reached *** piety under Makhleb
 11866 | D:11     | Found a staircase to the Lair.
 12485 | D:11     | Noticed a manticore
 12496 | D:11     | Killed a manticore
 12623 | D:12     | Found a staircase to the Orcish Mines.
 12644 | D:12     | Noticed a manticore
 12677 | D:12     | Killed a manticore
 12677 | D:12     | Reached skill level 1 in Armour
 12677 | D:12     | Reached XP level 11. HP: 65/83 MP: 10/20
 12678 | D:12     | Noticed a deep elf mage
 12785 | D:12     | Killed a deep elf mage
 12819 | D:12     | Got a shimmering rapier
 12866 | D:12     | Reached **** piety under Makhleb
 13110 | D:12     | Noticed an eight-headed hydra
 13489 | Lair:1   | Entered Level 1 of the Lair of Beasts
 13515 | Lair:1   | Noticed Grum
 13530 | Lair:1   | Killed Grum
 14655 | Lair:1   | Learned a level 3 spell: Ozocubu's Armour
 14972 | Lair:2   | Reached skill level 1 in Ice Magic
 15244 | Lair:2   | Found a staircase to the Shoals.
 15279 | Lair:2   | Reached skill level 5 in Armour
 15382 | Lair:2   | Found a hole to the Spider Nest.
 15400 | Lair:2   | Reached skill level 10 in Transmutations
 16080 | Lair:3   | Reached XP level 12. HP: 92/92 MP: 16/21
 16816 | Lair:3   | Learned a level 3 spell: Ignite Poison
 17159 | Lair:4   | Found a frozen archway.
 17305 | IceCv    | Entered an ice cave
 17826 | IceCv    | Reached skill level 5 in Dodging
 18154 | IceCv    | Got smelly ice dragon scales
 18214 | Lair:4   | Identified the cursed +1 ice dragon scales of Fortitude
                  | {rPois rF- rC++} (You found it in an ice cave)
 18546 | Lair:4   | Reached ***** piety under Makhleb
 18637 | Lair:4   | Found a broken altar of Ashenzari.
 18672 | Lair:4   | Reached skill level 1 in Invocations
 19486 | Lair:5   | Gained mutation: You resist negative energy. (rN+) [demonic
                  | ancestry]
 19486 | Lair:5   | Reached XP level 13. HP: 88/98 MP: 14/22
 19499 | Lair:5   | Reached skill level 1 in Translocations
 19809 | Lair:5   | Reached skill level 5 in Invocations
 22576 | D:13     | Reached skill level 10 in Fighting
 22576 | D:13     | Gained mutation: You have a pair of antennae on your head.
                  | [demonic ancestry]
 22576 | D:13     | Reached XP level 14. HP: 110/110 MP: 23/23
 22625 | D:13     | Found a runed translucent door.
 22625 | D:13     | Noticed Haet's ghost (journeyman MiFi)
 22732 | D:13     | Found a gate to the Vaults.
 22797 | D:13     | Found a shadowy altar of Dithmenos.
 23228 | D:13     | Reached skill level 10 in Unarmed Combat
 24752 | D:14     | Found a broken altar of Ashenzari.
 25092 | D:14     | Found a stormy altar of Qazlal.
 25333 | D:14     | Identified the Volume of Dislocated Air
 25442 | D:15     | Entered Level 15 of the Dungeon
 25477 | D:15     | Found the +8 mithril axe "Arga" {speed, MR+}
 26871 | D:15     | Reached skill level 1 in Evocations
 26884 | D:15     | Found a staircase to the Depths.
 27250 | Orc:1    | Entered Level 1 of the Orcish Mines
 27682 | Orc:1    | Reached XP level 15. HP: 120/120 MP: 19/24
 27798 | Orc:1    | Noticed Irenicus's ghost (journeyman DDEE)
 27799 | Orc:1    | Noticed an orc warlord
 27850 | Orc:1    | Found a runed translucent door.
 28189 | Orc:1    | Found a runed translucent gate.
 28189 | Orc:1    | Found a runed translucent gate.
 28189 | Orc:1    | Found a runed translucent gate.
 28437 | Orc:1    | Found a roughly hewn altar of Beogh.
 28482 | Orc:2    | Entered Level 2 of the Orcish Mines
 28527 | Orc:2    | Noticed Maurice
 28582 | Orc:2    | Found Naanabe's Antique Weapon Emporium.
 28582 | Orc:2    | Noticed an orc warlord
 28800 | Orc:2    | Killed an orc warlord
 29395 | Orc:2    | Found Tack's Antique Armour Shop.
 29577 | Orc:2    | Found a staircase to the Elven Halls.
 29656 | Orc:2    | Bought the +7 Kryia's mail coat {PotionHeal*2 rC+} for 1800
                  | gold pieces
 29656 | Orc:2    | Found the +7 Kryia's mail coat {PotionHeal*2 rC+}
 29711 | Orc:2    | Reached ****** piety under Makhleb
 29828 | Orc:2    | Found Herghil's General Store.
 29867 | Orc:2    | Found Bevionea's Book Shoppe.
 30134 | Orc:2    | Killed Maurice
 30596 | Lair:6   | Entered Level 6 of the Lair of Beasts
 30918 | Lair:6   | Found a burning altar of Makhleb.
 30924 | Lair:6   | Found a gateway to Hell.
 31006 | Lair:6   | Found a broken altar of Ashenzari.
 31258 | Lair:6   | Found a viscous altar of Jiyva.
 31259 | Lair:6   | Found a staircase to the Slime Pits.
 31773 | Spider:1 | Entered Level 1 of the Spider Nest
 32660 | Spider:1 | You fall into a shaft and drop 1 floor!
 32945 | Spider:2 | Reached skill level 10 in Invocations
 33460 | Spider:1 | Reached XP level 16. HP: 73/127 MP: 16/25
 35283 | Spider:3 | Noticed Arachne
 35313 | Spider:2 | Killed Arachne
 35574 | Spider:4 | Entered Level 4 of the Spider Nest
 35773 | Spider:3 | Reached skill level 15 in Unarmed Combat
 36538 | Spider:4 | Noticed Aizul
 37856 | Spider:4 | Identified the +7 hand crossbow "Urui" {flame, rF+} (You
                  | found it on level 10 of the Dungeon)
 37859 | Spider:4 | Identified a scroll of acquirement
 37874 | Spider:4 | Killed Aizul
 38250 | Spider:4 | Found a large runed translucent door.
 38251 | Spider:4 | Found a large runed translucent door.
 38443 | Spider:4 | Noticed Busm's ghost (adept TeAE)
 38711 | Shoals:1 | Entered Level 1 of the Shoals
 40512 | Spider:4 | Reached XP level 17. HP: 47/140 MP: 5/26
 40842 | Spider:4 | Reached skill level 15 in Fighting
 42342 | Spider:4 | Killed Busm's ghost
 42350 | Spider:4 | Got a smoking hand axe
 42866 | Spider:4 | Got a gossamer rune of Zot
 43164 | Orc:2    | Bought the Reference Book on Flying Moulding for 1087 gold
                  | pieces
 43241 | Vaults:1 | Entered Level 1 of the Vaults
 43267 | Vaults:1 | Found Jixam's Armour Boutique.
 43933 | D:13     | Acquired 462 gold pieces
 45220 | Vaults:1 | Found Nyikkili's Antique Weapon Emporium.
 45488 | Vaults:1 | Found a burning altar of Makhleb.
 45507 | Vaults:1 | Found Laadgh's Gadget Boutique.
 45514 | Vaults:1 | Reached skill level 10 in Armour
 45514 | Vaults:1 | Reached skill level 10 in Dodging
 46337 | Vaults:1 | Found Luomubb's Jewellery Shoppe.
 46761 | Vaults:2 | Learned a level 9 spell: Tornado
 47145 | Vaults:2 | Reached skill level 1 in Air Magic
 47473 | Vaults:2 | Reached skill level 2 in Air Magic
 47728 | Vaults:2 | Found a staircase to the Crypt.
 47940 | Vaults:2 | Gained mutation: You regenerate magic rapidly. [demonic
                  | ancestry]
 47940 | Vaults:2 | Reached XP level 18. HP: 149/149 MP: 25/29
 47994 | Vaults:2 | Reached skill level 3 in Air Magic
 48677 | Vaults:2 | Reached skill level 4 in Air Magic
 49482 | Vaults:2 | Reached skill level 5 in Air Magic
 50204 | Vaults:3 | Reached skill level 6 in Air Magic
 51401 | Vaults:3 | Reached skill level 7 in Air Magic
 51826 | Vaults:3 | Reached skill level 8 in Air Magic
 52093 | Vaults:3 | Found Holofytzu's General Store.
 52729 | Lair:2   | Reached XP level 19. HP: 91/155 MP: 17/30
 53167 | Shoals:1 | Found Mypheloj's Mayhem Merchandise.
 53489 | Shoals:1 | Reached skill level 9 in Air Magic
 53846 | Shoals:2 | Noticed Donald
 54121 | Shoals:2 | Killed Donald
 54216 | Shoals:2 | Acquired 1056 gold pieces
 54680 | Shoals:3 | Reached skill level 10 in Air Magic
 55688 | Shoals:4 | Entered Level 4 of the Shoals
 55988 | Shoals:4 | Noticed Nikola
 56005 | Shoals:4 | Killed Nikola
 56021 | Shoals:4 | Reached skill level 11 in Air Magic
 56161 | Shoals:4 | Noticed Polyphemus
 56191 | Shoals:4 | Killed Polyphemus
 56488 | Shoals:4 | Learned a level 2 spell: Passwall
 56619 | Shoals:4 | Noticed Bai Suzhen
 56638 | Shoals:4 | Killed Bai Suzhen
 56638 | Shoals:4 | Reached skill level 12 in Air Magic
 56652 | Shoals:4 | Identified the +1 ring mail of Gogef {+Blink MP-9 Str+3
                  | Dex+7}
 56947 | Shoals:4 | Got a barnacled rune of Zot
 57177 | Elf:1    | Entered Level 1 of the Elven Halls
 57624 | Elf:1    | Got a faintly glowing leather armour
 57625 | Elf:1    | Identified the cursed +1 leather armour "Yboulen" {MR+
                  | Str+3} (You found it on level 1 of the Elven Halls)
 57876 | Elf:1    | Reached skill level 13 in Air Magic
 58151 | Elf:1    | Got a distressingly furry ring mail
 58152 | Elf:1    | Identified the +5 ring mail of Zousot {+Fly Str+4} (You
                  | found it on level 1 of the Elven Halls)
 58225 | Elf:1    | Identified Kikubaaqudgha's Tome of Unholy Rites
 58398 | Elf:2    | Gained mutation: You have a pair of large antennae on your
                  | head. (SInv) [demonic ancestry]
 58398 | Elf:2    | Reached XP level 20. HP: 93/162 MP: 20/32
 58883 | Elf:2    | Found Unilo's Armour Shop.
 59064 | Elf:2    | Identified the +1 hand axe of Eduluted {speed, rN+ Str+5}
 59080 | Elf:2    | Cast into level 2 of the Abyss (deep elf death mage)
 59171 | Abyss:3  | Reached skill level 14 in Air Magic
 59865 | Abyss:3  | Gained mutation: You occasionally shout uncontrollably at
                  | your foes. [a neqoxec]
 60104 | Abyss:3  | Gained mutation: You are frail. (-10% HP) [a cacodemon]
 60108 | Abyss:3  | Gained mutation: You have an uncontrollable temper. [a
                  | cacodemon]
 60111 | Elf:2    | Escaped the Abyss
 60184 | Elf:2    | Identified the Collected Works on Mutagenic Stones
 60256 | Elf:2    | Lost mutation: You are frail. (-10% HP) [potion of
                  | mutation]
 60256 | Elf:2    | Lost mutation: You tend to lose your temper in combat.
                  | [potion of mutation]
 60256 | Elf:2    | Lost mutation: You occasionally shout uncontrollably at
                  | your foes. [potion of mutation]
 60256 | Elf:2    | Gained mutation: You tend to lose your temper in combat.
                  | [potion of mutation]
 60256 | Elf:2    | Gained mutation: Your system is resistant to poisons.
                  | (rPois) [potion of mutation]
 60256 | Elf:2    | Gained mutation: You are somewhat resistant to further
                  | mutation. [potion of mutation]
 60257 | Elf:2    | Lost mutation: You tend to lose your temper in combat.
                  | [potion of mutation]
 60257 | Elf:2    | Lost mutation: Your system is resistant to poisons. (rPois)
                  | [potion of mutation]
 60257 | Elf:2    | Lost mutation: You are somewhat resistant to further
                  | mutation. [potion of mutation]
 60257 | Elf:2    | Gained mutation: You are resistant to hostile enchantments.
                  | (MR+) [potion of mutation]
 60257 | Elf:2    | Gained mutation: Scrolls take you a little longer to read.
                  | [potion of mutation]
 60257 | Elf:2    | Gained mutation: You are robust. (+10% HP) [potion of
                  | mutation]
 60393 | Elf:2    | Found a runed translucent gate.
 60393 | Elf:2    | Found a runed translucent gate.
 60399 | Elf:2    | Found a runed translucent gate.
 60705 | Elf:3    | Entered Level 3 of the Elven Halls
 61291 | Elf:3    | Found Gautasch's General Store.
 61305 | Elf:3    | Noticed Roxanne
 61339 | Elf:3    | Found Obrusa's Book Shop.
 61575 | Elf:3    | Found a runed translucent gate.
 61579 | Elf:3    | Found a runed translucent gate.
 61579 | Elf:3    | Found a runed translucent gate.
 61804 | Elf:3    | Reached skill level 10 in Spellcasting
 61804 | Elf:3    | Reached skill level 15 in Air Magic
 61872 | Elf:3    | Found a runed translucent gate.
 61872 | Elf:3    | Found a runed translucent gate.
 61874 | Elf:3    | Noticed Wamoenne's ghost (adept BaIE)
 61877 | Elf:3    | Found a runed translucent gate.
 62471 | Elf:3    | Killed Roxanne
 63110 | Elf:3    | Reached skill level 16 in Air Magic
 63444 | Elf:3    | Gained mutation: You are somewhat able to resist unholy
                  | torments (1 in 2 success). [demonic ancestry]
 63444 | Elf:3    | Reached XP level 21. HP: 184/184 MP: 20/35
 64172 | Elf:3    | Identified the Almanac of Lightness and Confrontation
 64414 | Elf:3    | Got a steaming fustibalus
 64417 | Elf:3    | Identified the +7 fustibalus of Destiny {speed, rN+++ Str+4
                  | Int+2 Dex-2} (You found it on level 3 of the Elven Halls)
 64417 | Elf:3    | Identified Venwiz's Reference Book on Icy Lightness
 64420 | Elf:3    | Identified the Almanac of Changing and Ice
 64468 | Elf:3    | Got a twitching bone amulet
 64471 | Elf:3    | Identified the amulet of Feffig {Reflect rF+ Dex+4 SH+5}
                  | (You found it on level 3 of the Elven Halls)
 65194 | Vaults:4 | Learned a level 6 spell: Statue Form
 65595 | Vaults:4 | Reached skill level 1 in Slings
 65613 | Vaults:4 | Found a huge runed gate.
 65614 | Vaults:4 | Found a huge runed gate.
 65614 | Vaults:4 | Found a huge runed gate.
 65614 | Vaults:4 | Found a huge runed gate.
 65615 | Vaults:4 | Found a huge runed gate.
 65615 | Vaults:4 | Found a huge runed gate.
 65615 | Vaults:4 | Found a huge runed gate.
 65615 | Vaults:4 | Found a huge runed gate.
 65615 | Vaults:4 | Found a huge runed gate.
 65615 | Vaults:4 | Found a huge runed gate.
 65619 | Vaults:4 | Found a huge runed gate.
 65619 | Vaults:4 | Found a huge runed gate.
 65619 | Vaults:4 | Found a huge runed gate.
 65619 | Vaults:4 | Found a huge runed gate.
 65619 | Vaults:4 | Found a huge runed gate.
 65619 | Vaults:4 | Found a huge runed gate.
 65619 | Vaults:4 | Found a huge runed gate.
 66179 | Vaults:4 | Found a huge runed gate.
 66179 | Vaults:4 | Found a huge runed gate.
 66195 | Vaults:4 | Found a huge runed gate.
 66213 | Vaults:4 | Found a huge runed gate.
 66213 | Vaults:4 | Found a huge runed gate.
 66213 | Vaults:4 | Found a huge runed gate.
 66213 | Vaults:4 | Found a huge runed gate.
 66213 | Vaults:4 | Found a huge runed gate.
 66214 | Vaults:4 | Found a huge runed gate.
 66215 | Vaults:4 | Found a huge runed gate.
 66216 | Vaults:4 | Found a huge runed gate.
 66217 | Vaults:4 | Found a huge runed gate.
 66225 | Vaults:4 | Found a huge runed gate.
 66225 | Vaults:4 | Found a huge runed gate.
 66225 | Vaults:4 | Found a huge runed gate.
 66225 | Vaults:4 | Found a huge runed gate.
 66225 | Vaults:4 | Found a huge runed gate.
 66225 | Vaults:4 | Found a huge runed gate.
 66225 | Vaults:4 | Found a huge runed gate.
 66281 | Vaults:4 | Reached skill level 17 in Air Magic
 66997 | Vaults:4 | Found a portal to a secret trove of treasure.
 67051 | Vaults:4 | You paid a toll of 5 scrolls of fear to enter a treasure
                  | trove
 67052 | Trove    | Entered a treasure trove
 67150 | Vaults:4 | Reached XP level 22. HP: 192/192 MP: 36/38
 67671 | Depths:1 | Entered Level 1 of the Depths
 67993 | Depths:1 | Learned a level 1 spell: Apportation
 68184 | Depths:1 | Reached skill level 1 in Earth Magic
 69855 | Depths:2 | Learned a level 7 spell: Dragon Form
 70639 | Depths:2 | Gained mutation: When low on magic, you restore magic in
                  | place of health. [demonic ancestry]
 70639 | Depths:2 | Reached XP level 23. HP: 199/199 MP: 34/40
 70667 | Depths:2 | Found a bloodstained altar of Trog.
 70759 | Depths:2 | Gained mutation: Your muscles are strong. (Str +2)
                  | [mutagenic glow]
 70801 | Depths:2 | Found Towow's Jewellery Shoppe.
 70801 | Depths:2 | Found Foranguxoam's Gadget Boutique.
 70802 | Depths:2 | Found Wadegg's Jewellery Shoppe.
 71336 | Depths:3 | Found a one-way gate leading to the halls of Pandemonium.
 71658 | Depths:3 | Noticed a caustic shrike
 71667 | Depths:3 | Killed a caustic shrike
 71720 | Depths:3 | Noticed a caustic shrike
 71728 | Depths:3 | Killed a caustic shrike
 72465 | Depths:3 | Reached skill level 18 in Air Magic
 72819 | Depths:3 | Found a one-way gate to the infinite horrors of the Abyss.
 72990 | Depths:3 | Reached skill level 15 in Spellcasting
 73167 | Depths:3 | Noticed a caustic shrike
 73175 | Depths:3 | Identified the ring of Moderation {rF- Str+6 Dex+5}
 73204 | Depths:3 | Killed a caustic shrike
 73712 | Depths:3 | Learned a level 4 spell: Airstrike
 74297 | Depths:4 | Reached skill level 19 in Air Magic
 75182 | Depths:4 | Identified the ring "Hifiuc" {Fire rPois Str+4 Dex+3}
 75353 | Depths:4 | Gained mutation: You sometimes gain power by taking damage.
                  | [demonic ancestry]
 75353 | Depths:4 | Reached XP level 24. HP: 204/206 MP: 37/42
 76629 | Depths:4 | Noticed a juggernaut
 76863 | Depths:4 | Noticed a juggernaut
 76873 | Depths:4 | Killed a juggernaut
 76875 | Depths:4 | Noticed a juggernaut
 76876 | Depths:4 | Noticed a juggernaut
 76883 | Depths:4 | Killed a juggernaut
 76887 | Depths:4 | Killed a juggernaut
 77565 | Depths:4 | Learned a level 4 spell: Animate Dead
 77906 | Depths:4 | Reached skill level 20 in Air Magic
 77969 | Depths:4 | Killed a juggernaut
 79441 | Depths:4 | Got a pitted dagger
 79887 | Depths:5 | Entered Level 5 of the Depths
 80079 | Depths:5 | Found Lanowk's Antique Armour Shop.
 80190 | Depths:5 | Found Zennoargh's Weapon Boutique.
 80190 | Depths:5 | Found Dunegu's Antique Armour Shop.
 80193 | Depths:5 | Found Hyloliav's Distillery.
 80207 | Depths:5 | Bought a potion of haste for 210 gold pieces
 80584 | Depths:5 | Noticed a juggernaut
 80594 | Depths:5 | Killed a juggernaut
 81003 | Depths:5 | Found a gateway to a ziggurat.
 81272 | Depths:5 | Found a gate to the Realm of Zot.
 81381 | Depths:5 | Reached XP level 25. HP: 166/217 MP: 30/44
 81842 | Depths:5 | Got a faintly glowing leather armour
 81993 | Depths:5 | Identified the +3 leather armour the Haunted Cicada {MP+9}
                  | (You found it on level 5 of the Depths)
 82530 | Slime:1  | Entered Level 1 of the Pits of Slime
 82561 | Lair:6   | Reached skill level 1 in Shields
 82654 | Slime:1  | Gained mutation: You do not regenerate when monsters are
                  | visible. [a shining eye]
 82656 | Lair:6   | Gained mutation: Your body sometimes deteriorates upon
                  | taking damage. [a shining eye]
 82707 | Lair:6   | Lost mutation: Your body sometimes deteriorates upon taking
                  | damage. [potion of mutation]
 82707 | Lair:6   | Lost mutation: Scrolls take you a little longer to read.
                  | [potion of mutation]
 82707 | Lair:6   | Lost mutation: You are resistant to hostile enchantments.
                  | (MR+) [potion of mutation]
 82707 | Lair:6   | Lost mutation: You are robust. (+10% HP) [potion of
                  | mutation]
 82707 | Lair:6   | Gained mutation: Scrolls take you a little longer to read.
                  | [potion of mutation]
 82707 | Lair:6   | Lost mutation: Scrolls take you a little longer to read.
                  | [potion of mutation]
 82707 | Lair:6   | Gained mutation: Your magical capacity is low. (-10% MP)
                  | [potion of mutation]
 82707 | Lair:6   | Gained mutation: You expend magic power (3 MP) to
                  | strengthen your wands. [potion of mutation]
 82708 | Lair:6   | Lost mutation: Your magical capacity is low. (-10% MP)
                  | [potion of mutation]
 82708 | Lair:6   | Lost mutation: Your muscles are strong. (Str +2) [potion of
                  | mutation]
 82708 | Lair:6   | Lost mutation: You do not regenerate when monsters are
                  | visible. [potion of mutation]
 82708 | Lair:6   | Gained mutation: Your system is resistant to poisons.
                  | (rPois) [potion of mutation]
 82708 | Lair:6   | Gained mutation: You are agile. (Dex +2) [potion of
                  | mutation]
 82708 | Lair:6   | Gained mutation: Your flesh is cold resistant. (rC+)
                  | [potion of mutation]
 82721 | Slime:1  | Gained mutation: Your spells are a little easier to cast,
                  | but a little less powerful. [a shining eye]
 83141 | Slime:4  | Noticed Dissolution
 83533 | Vaults:5 | Entered Level 5 of the Vaults
 84063 | Vaults:5 | Reached skill level 5 in Shields
 84127 | Vaults:5 | Identified the cursed +2 halberd of the Final Decision
                  | {flame, +Rage rElec Str+6}
 84400 | Vaults:5 | Got a shimmering short sword
 84611 | Vaults:5 | Reached skill level 5 in Slings
 84887 | Vaults:5 | Found Xudom's Antique Armour Shoppe.
 85230 | Vaults:5 | Identified the +3 hand crossbow of Icheloem {freeze,
                  | Stlth+}
 85248 | Vaults:5 | Noticed an ancient lich
 85258 | Vaults:5 | Killed an ancient lich
 85268 | Vaults:5 | Gained mutation: Your melee attacks may debilitate your
                  | foes. [demonic ancestry]
 85268 | Vaults:5 | Reached XP level 26. HP: 135/211 MP: 10/45
 86161 | Vaults:5 | Identified the +2 rapier of Burikiom {vorpal, Int-3 Dex+8}
 86232 | Vaults:5 | Got a faintly humming scale mail
 86233 | Vaults:5 | Identified the cursed +0 scale mail "Xysithai" {rC+ Regen+
                  | Str+3} (You found it on level 5 of the Vaults)
 86238 | Vaults:5 | Got a warped cloak
 86239 | Vaults:5 | Identified the +2 cloak of the Five Places {rF- rC+ Str+2
                  | Dex+3} (You found it on level 5 of the Vaults)
 86246 | Vaults:5 | Got a silver rune of Zot
 86725 | Zot:1    | Entered Level 1 of the Realm of Zot
 86795 | Depths:5 | Reached skill level 10 in Slings
 88457 | Zot:3    | Noticed an orb of fire
 88476 | Zot:3    | Gained mutation: You are occasionally teleported next to
                  | monsters. [an orb of fire]
 88482 | Zot:3    | Gained mutation: You are frail. (-10% HP) [an orb of fire]
 88484 | Zot:3    | Gained mutation: You tend to lose your temper in combat.
                  | [an orb of fire]
 88496 | Zot:2    | HP: 7/189 [tentacled monstrosity (5)]
 88820 | Zot:1    | Identified the ring "Iluanite" {Ice rElec MP+9 Dex+4}
 89273 | Elf:3    | Killed Wamoenne's ghost
 89315 | Elf:3    | Lost mutation: You tend to lose your temper in combat.
                  | [mutagenic glow]
 89520 | Elf:3    | Gained mutation: Scrolls take you a little longer to read.
                  | [mutagenic glow]
 89627 | Elf:3    | Got a pair of fine gloves
 89638 | Elf:3    | Identified the +1 pair of gloves of Xuobuqo {Int+7 Dex-2}
                  | (You found it on level 3 of the Elven Halls)
 89715 | Elf:3    | Lost mutation: You are agile. (Dex +2) [potion of mutation]
 89715 | Elf:3    | Lost mutation: Scrolls take you a little longer to read.
                  | [potion of mutation]
 89715 | Elf:3    | Lost mutation: You expend magic power (3 MP) to strengthen
                  | your wands. [potion of mutation]
 89715 | Elf:3    | Gained mutation: You have large cloven feet. [potion of
                  | mutation]
 89716 | Elf:3    | Lost mutation: You have large cloven feet. [potion of
                  | mutation]
 89716 | Elf:3    | Lost mutation: Your spells are a little easier to cast, but
                  | a little less powerful. [potion of mutation]
 89716 | Elf:3    | Lost mutation: You are frail. (-10% HP) [potion of
                  | mutation]
 89716 | Elf:3    | Gained mutation: You occasionally shout uncontrollably at
                  | your foes. [potion of mutation]
 89716 | Elf:3    | Gained mutation: You expend magic power (3 MP) to
                  | strengthen your wands. [potion of mutation]
 89717 | Elf:3    | Lost mutation: You expend magic power (3 MP) to strengthen
                  | your wands. [potion of mutation]
 89717 | Elf:3    | Lost mutation: You are occasionally teleported next to
                  | monsters. [potion of mutation]
 89717 | Elf:3    | Lost mutation: Your system is resistant to poisons. (rPois)
                  | [potion of mutation]
 89717 | Elf:3    | Gained mutation: You are frail. (-10% HP) [potion of
                  | mutation]
 89717 | Elf:3    | Gained mutation: Your body sometimes deteriorates upon
                  | taking damage. [potion of mutation]
 89717 | Elf:3    | Gained mutation: You have sharp fingernails. [potion of
                  | mutation]
 89717 | Elf:3    | Gained mutation: You are somewhat resistant to further
                  | mutation. [potion of mutation]
 89718 | Elf:3    | Lost mutation: You are somewhat resistant to further
                  | mutation. [potion of mutation]
 89718 | Elf:3    | Lost mutation: Your body sometimes deteriorates upon taking
                  | damage. [potion of mutation]
 89718 | Elf:3    | Gained mutation: Your spells are a little harder to cast,
                  | but a little more powerful. [potion of mutation]
 89718 | Elf:3    | Gained mutation: Your spells are harder to cast, but more
                  | powerful. [potion of mutation]
 89718 | Elf:3    | Lost mutation: Your spells are harder to cast, but more
                  | powerful. [potion of mutation]
 89718 | Elf:3    | Gained mutation: You have supernaturally acute eyesight.
                  | (SInv) [potion of mutation]
 90781 | Zot:2    | Reached skill level 15 in Invocations
 93563 | Zot:2    | Acquired the +2 cloak of the Thief {*Fog Slay-2 SInv
                  | Stlth+}
 93564 | Zot:2    | Found the +2 cloak of the Thief {*Fog Slay-2 SInv Stlth+}
 94653 | Zot:2    | Gained mutation: You are powered by pain. [demonic
                  | ancestry]
 94653 | Zot:2    | Reached XP level 27. HP: 63/197 MP: 21/45
 95776 | Zot:2    | Killed an orb of fire
100055 | Zot:3    | HP: 7/198 [death cob (18)]
100055 | Zot:3    | Slain by a moth of wrath

Illustrated notes

Levels and vault maps discovered:
D:1:      sevenhm_arrival_forest_fort_large_3, layout_basic,
          minmay_misc_feat_plants, st_stairs_1, nrook_mini_backslash
D:2:      layout_loops_ring, minmay_misc_feat_cross, minmay_cupped
D:3:      layout_loops_ring, uniq_jessica, uniq_crazy_yiuf_cottage, uniq_ijyb
D:4:      layout_loops_ring, uniq_menkaure, uniq_grinder, uniq_edmund
D:5:      layout_basic, fedhas_altar_3
D:6:      layout_cave_pods, basic_altar, makhleb_blood_cavern_becter, uniq_pikel
D:7:      layout_basic, temple_fountains, cheibriados_altar_1
D:8:      layout_cave_pods
D:9:      layout_rooms, nicolae_overflow_hidden_temple
D:10:     layout_long_grid
D:11:     layout_loops_cross, erik_lair_orcish_takeover, serial_shops,
          nicolae_shop_stone, patterned_corridor
D:12:     minmay_four_partial_circles, layout_basic, corexii_corridor_pit
D:13:     layout_basic, david_vaults_1, ebering_ghost_inner_flame,
          grunt_dithmenos_smoke_and_mirrors
D:14:     layout_loops_ring, lemuel_crystal_altar, gauntlet_entry_generic,
          nicolae_qazlal_style_of_elements
D:15:     grunt_enter_depths_snipers, layout_gridville, palyth_stone_intersect
Temple:   kilobyte_greek_temple
Lair:1:   layout_loops_ring, beast_lair_carwin_9, uniq_grum
Lair:2:   layout_roguey, elwin_shoals_entry_stream, spider_nest_entry_webs
Lair:3:   layout_cave_pods
Lair:4:   layout_regular_city, basic_altar, portal_ice_cave_rime
Lair:5:   layout_cellular_growth, serial_bayou_shore_b
Lair:6:   evil_forest, layout_gridlike, slime_altar_1, basic_altar,
          serial_bayou_shore_a
Shoals:1: layout_shoals, minmay_shop_mayhem, nicolae_shoals_loop_pool
Shoals:2: layout_shoals, uniq_donald
Shoals:3: layout_shoals
Shoals:4: shoals_end_grunt_ice, layout_shoals, uniq_nikola, uniq_polyphemus,
          uniq_bai_suzhen
Spider:1: layout_spider_delve, hive_lemuel
Spider:2: layout_spider_delve, nicolae_orb_island
Spider:3: layout_spider_delve, uniq_arachne
Spider:4: floodkiller_spider_rune_tomb, ebering_ghost_disaster_area,
          nicolae_spider_webbed_stairs, uniq_aizul
Slime:1:  layout_caves
Slime:2:  layout_caves
Slime:3:  layout_caves
Slime:4:  layout_caves, dissolution_awaits
Orc:1:    layout_caves, gammafunk_ghost_split, lightli_church_of_beogh
Orc:2:    grunt_orc_gardens, layout_caves, grunt_orc_garden, grunt_orc_garden,
          grunt_orc_garden, grunt_orc_garden, uniq_maurice
Elf:1:    layout_loops_cross, minmay_elf_necromancy, david_greed
Elf:2:    layout_loops_cross, serial_shops, shop_fountains,
          minmay_the_grid_square_5x5_3x3_mashed [minmay_the_grid_square_5x5_two,
          minmay_the_grid_square_5x5_gyroscope,
          minmay_the_grid_square_5x5_bracketed,
          minmay_the_grid_square_5x5_minimal,
          minmay_the_grid_square_5x5_megaprize_open,
          minmay_the_grid_square_5x5_almost_minimal,
          minmay_the_grid_square_5x5_two_walls_a,
          minmay_the_grid_square_5x5_inverted_slash,
          minmay_the_grid_square_5x5_longway]
Elf:3:    minmay_elf_hall, layout_loops_corners,
          ploomutoo_gammafunk_ghost_potion_laboratory, serial_shops, shop,
          nicolae_shop_stone, uniq_roxanne
Vaults:1: v_alt_pattern_1, hangedman_vaults_capsules,
          ontoclasm_vaults_ring_large, nicolae_vaults_alarming,
          nicolae_vaults_ring_of_whatevers, vaults_room_fours,
          ontoclasm_vaults_decontamination, vaults_dpeg_ring,
          layout_vaults_omnigrid, serial_shops, nicolae_shop_trees, shop,
          nicolae_shop_waterfront, nicolae_shop_trees, basic_altar
Vaults:2: ontoclasm_vaults_idyll, v_misc_28, v_misc_32, nicolae_vaults_theta,
          hangedman_vaults_river_flow, minmay_crypt_entry_simple_round,
          vaults_room_stairs_pillars, hangedman_vaults_nails,
          nicolae_vaults_little_squares_1, v_misc_18, vaults_room_pools,
          grunt_vaults_twisty, ontoclasm_vaults_fault, layout_vaults_omnibox
Vaults:3: ontoclasm_vaults_ligature, v_misc_19, hangedman_vaults_locks,
          grunt_vaults_hallway_short, vaults_dpeg_hooks,
          ontoclasm_vaults_gateway, v_rooms_5, grunt_vaults_hallway_short,
          layout_vaults_big_room, serial_shops, nicolae_shop_waterfront
Vaults:4: hangedman_vaults_pinch, vaults_not_door_vault_mu, vaults_room_fours,
          nicolae_vaults_border_crossing, vaults_mumra_hex,
          grunt_vaults_hallway_short, nicolae_vaults_murderbox,
          nicolae_vaults_angled_halls, nicolae_vaults_network_barrier,
          v_misc_27, nicolae_vaults_asterisk, vaults_room_stairs_pillars,
          grunt_vaults_bifocal, layout_vaults_omnicross,
          nicolae_trove_entry_free_sample
Vaults:5
Depths:1: layout_basic, hell_entry, kennysheep_inner_square
Depths:2: minmay_isolated_rectangles_in_corner, layout_cave_pools,
          serial_rivers, chequers_serial_rivers_micro_a,
          chequers_serial_rivers_micro_a, chequers_serial_rivers_micro_a,
          chequers_serial_rivers_large_a, chequers_serial_rivers_marsh,
          hell_entry, evilmike_spriggan_trog_shrine, minmay_shop_grove,
          minmay_staircase_statues_hall_small
Depths:3: hangedman_pleasuredromes, hell_entry, abyss_entry, pan_entry
Depths:4: hangedman_box_tower, layout_honeycomb, nrook_campfire, abyss_entry,
          hell_entry, glass_columns_c, st_stairs_13,
          minmay_mirror_moons_of_madness, infiniplex_staircase_zigzag_1
Depths:5: grunt_crosshair, layout_cave_shapes, enter_ziggurat_a,
          grunt_decor_resistance, hell_entry, hangedman_abyss_entry_splay,
          minmay_shoptagon
Zot:1:    layout_onion_interference, grunt_megastairs_3
Zot:2:    kennysheep_blocky_hall, layout_onion
Zot:3:    layout_gridlike, evilmike_ambush [evilmike_ambush_outer_basic,
          evilmike_ambush_inner_basic]
Zot:4:    layout_onion_interference, evilmike_ambush
          [evilmike_ambush_outer_pillars, evilmike_ambush_inner_basic]

Skill      XL: |  1  2  3  4  5  6  7  8  9 10 11 12 13 14 15 16 17 18 19 20 21 22 23 24 25 26 27 |
---------------+----------------------------------------------------------------------------------+-----
Unarmed Combat | 1 2 3 4 5 6 7 8 9 12 14 15 16 | 16.0
Fighting       | 1 2 3 4 5 6 8 10 12 14 15 16 18 | 18.9
Transmutations | 1 2 3 4 6 7 8 10 | 10.0
Spellcasting   | 3 4 6 7 8 10 12 13 15 17 18 | 18.0
Poison Magic   | 7 |  7.0
Armour         | 1 5 8 10 11 12 13 | 13.2
Ice Magic      | 3 4 |  4.0
Dodging        | 7 8 10 11 12 13 | 13.2
Invocations    | 4 8 10 12 16 | 16.0
Translocations | 3 |  3.0
Stealth        | 3 4 |  4.0
Evocations     | 2 4 |  4.0
Air Magic      | 2 8 13 16 17 19 20 | 20.0
Slings         | 3 9 12 | 12.0
Earth Magic    | 3 |  3.1
Shields        | 5 |  5.0

Action                   |  1- 3 |  4- 6 |  7- 9 | 10-12 | 13-15 | 16-18 | 19-21 | 22-24 | 25-27 || total
-------------------------+-------+-------+-------+-------+-------+-------+-------+-------+-------++-------
Melee: Unarmed           |    11 |    45 |   310 |   610 |  1352 |  1647 |  1328 |  1336 |  1395 ||  8034
       Kick              |       |     1 |    51 |    17 |       |       |       |       |       ||    69
       Headbutt          |       |     1 |     3 |       |       |       |       |       |       ||     4
       Punch             |       |     1 |     9 |    13 |    70 |   109 |    97 |   121 |   145 ||   565
       Tailslap          |       |       |       |       |       |       |       |     1 |       ||     1
       Bite              |       |       |       |       |       |       |       |     1 |       ||     1
       Staff             |       |       |       |       |       |       |       |       |     7 ||     7
 Fire: Fustibalus        |       |       |       |       |       |       |   129 |   458 |   413 ||  1000
Throw: Stone             |       |       |     3 |     2 |    10 |    17 |    11 |     1 |       ||    44
 Cast: Sting             |    70 |    96 |    69 |    29 |       |       |       |       |       ||   264
       Beastly Appendage |       |     2 |    26 |     7 |     2 |       |     1 |       |       ||    38
       Blade Hands       |       |       |       |    68 |   106 |   146 |   105 |   106 |   111 ||   642
       Blink             |       |       |       |     5 |       |     1 |     2 |     2 |    23 ||    33
       Wereblood         |       |       |       |     7 |     5 |    21 |    21 |    13 |     9 ||    76
       Ozocubu's Armour  |       |       |       |    10 |    21 |    31 |    18 |    23 |    14 ||   117
       Olgreb's Toxic Ra |       |       |       |     1 |       |    38 |   103 |     4 |       ||   146
       Ignite Poison     |       |       |       |       |       |     7 |    69 |    10 |     9 ||    95
       Passwall          |       |       |       |       |       |       |    15 |       |       ||    15
       Statue Form       |       |       |       |       |       |       |       |     2 |       ||     2
       Dragon Form       |       |       |       |       |       |       |       |     2 |     1 ||     3
       Tornado           |       |       |       |       |       |       |       |    15 |     9 ||    24
       Apportation       |       |       |       |       |       |       |       |     1 |     4 ||     5
       Airstrike         |       |       |       |       |       |       |       |    36 |    17 ||    53
Invok: Lesser Servant of |       |       |       |       |    30 |    31 |    11 |    13 |     9 ||    94
       Major Destruction |       |       |       |       |     1 |     2 |       |       |     1 ||     4
       Greater Servant o |       |       |       |       |     1 |       |     5 |    10 |     9 ||    25
 Abil: End Transformatio |       |       |       |       |       |       |     1 |    23 |     9 ||    33
Evoke: Wand              |       |       |     7 |     1 |    15 |    19 |     7 |     2 |       ||    51
       Condenser vane    |       |       |       |       |       |     2 |     2 |     9 |    11 ||    24
       Phantom mirror    |       |       |       |       |       |       |       |     3 |     3 ||     6
  Use: Scroll            |       |     8 |     5 |     2 |    17 |    19 |    19 |     8 |    24 ||   102
       Potion            |       |       |       |     1 |     4 |     8 |    13 |     3 |    32 ||    61
 Stab: Sleeping          |       |       |     5 |     3 |     5 |       |     7 |     2 |     1 ||    23
       Distracted        |       |       |       |       |     8 |    12 |     2 |     2 |     5 ||    29
       Paralysed         |       |       |       |       |     4 |       |       |       |       ||     4
       Held in net/web   |       |       |       |       |     1 |       |       |       |       ||     1
       Invisible         |       |       |       |       |       |     1 |       |       |       ||     1
       Confused          |       |       |       |       |       |     3 |       |     7 |     2 ||    12
Armor: Robe              |    14 |       |       |       |       |       |       |       |       ||    14
       Leather armour    |     7 |     3 |       |       |       |       |       |       |       ||    10
       Ring mail         |       |    16 |    53 |   200 |       |       |       |       |       ||   269
       Scale mail        |       |     1 |    63 |       |   181 |   666 |   395 |   367 |   577 ||  2250
       Ice dragon scales |       |       |       |    37 |   434 |       |       |       |       ||   471
Dodge: Dodged            |    40 |    40 |   177 |   357 |  1089 |  1565 |  1169 |   990 |  1495 ||  6922
Block: Other             |       |       |       |       |       |       |    29 |   251 |   237 ||   517
       Reflection        |       |       |       |       |       |       |     7 |    22 |    15 ||    44
       Buckler           |       |       |       |       |       |       |       |       |   154 ||   154

Table legend: (Time is in decaauts)
 A = Elapsed time spent in this place.
 B = Non-inter-level travel time spent in this place.
 C = Inter-level travel time spent in this place.
 D = Time resting spent in this place.
 E = Time spent auto-exploring this place.
 F = Levels seen in this place.
 G = Mean time per level.
                   A        B        C        D        E       F      G
               +--------+--------+--------+--------+--------+-----+--------+
         Total |  98660 |  92245 |   6415 |  33497 |  32785 |  57 | 1730.9 |
       Dungeon |  22152 |  20392 |   1760 |   5024 |  11154 |  15 | 1476.8 |
        Temple |    316 |    283 |     33 |      0 |    261 |   1 |  316.0 |
          Lair |  10048 |   9142 |    906 |   3277 |   4541 |   6 | 1674.7 |
        Shoals |   4338 |   4091 |    247 |    717 |   1522 |   4 | 1084.5 |
   Spider Nest |   9594 |   9103 |    491 |   4539 |   2043 |   4 | 2398.5 |
    Slime Pits |    239 |    217 |     22 |     49 |      0 |   4 |   59.8 |
  Orcish Mines |   3036 |   2805 |    231 |    721 |   1328 |   2 | 1518.0 |
   Elven Halls |   7190 |   6868 |    322 |   2229 |   2232 |   3 | 2396.7 |
        Vaults |  13117 |  12018 |   1099 |   2974 |   4575 |   5 | 2623.4 |
        Depths |  15670 |  14822 |    848 |   6001 |   4156 |   5 | 3134.0 |
           Zot |  10976 |  10524 |    452 |   7034 |    956 |   4 | 2744.0 |
         Abyss |    987 |    987 |      0 |    292 |      0 |   2 |  493.5 |
         Trove |     91 |     91 |      0 |      0 |      6 |   1 |   91.0 |
      Ice Cave |    899 |    899 |      0 |    638 |      9 |   1 |  899.0 |
               +--------+--------+--------+--------+--------+-----+--------+

Top non-repeatable levels by time:
   Zot:2: 7253 daAuts
Depths:4: 5733 daAuts
   Elf:3: 4447 daAuts
Spider:4: 4245 daAuts
    D:13: 3484 daAuts
Vaults:2: 3471 daAuts
Depths:3: 3299 daAuts
  Lair:2: 3109 daAuts
Depths:5: 2926 daAuts
Vaults:1: 2780 daAuts
Vaults:5: 2644 daAuts
   Zot:1: 2637 daAuts
Spider:3: 2602 daAuts
Vaults:4: 2257 daAuts
    D:11: 2240 daAuts
